 Dungeon Crawl Stone Soup version 0.19.1-1-g22dce08 (webtiles) character file.

188 McKennaii the Gusty (level 5, 0/31 HPs)
             Began as a High Elf Air Elementalist on Jan 8, 2017.
             Killed from afar by Sigmund (9 damage)
             ... with a magic dart
             ... on level 3 of the Dungeon.
             The game lasted 00:08:18 (2349 turns).

McKennaii the Gusty (High Elf Air Elementalist)     Turns: 2349, Time: 00:08:19

Health: 0/31       AC:  3    Str:  7    XL:     5   Next: 39%
Magic:  5/11       EV: 14    Int: 19    God:
Gold:   174        SH:  0    Dex: 16    Spells: 4 memorised, 3 levels left

rFire  . . .     SeeInvis .     (no weapon)
rCold  . . .     Gourm    .     a - +0 robe
rNeg   . . .     Faith    .     (no shield)
rPois  .         Spirit   .     (no helmet)
rElec  .         Reflect  .     (no cloak)
rCorr  .         Harm     .     (no gloves)
MR     .....                    g - +0 pair of boots
Stlth  ++........               (no amulet)
                                (no ring)
                                (no ring)

@: no status effects
A: no striking features
a: no special abilities


You were on level 3 of the Dungeon.
You were not hungry.

You visited 1 branch of the dungeon, and saw 3 of its levels.

You collected 174 gold pieces.

Inventory:

Armour
 a - a +0 robe (worn)
 g - a +0 pair of boots (worn)
Scrolls
 d - a scroll of random uselessness {unknown}
 e - 2 scrolls of enchant weapon {unknown}
 f - 3 scrolls of amnesia {unknown}
 i - 4 scrolls of identify {unknown}
 j - 2 scrolls of teleportation {unknown}
 l - a scroll of fear {unknown}
 p - a scroll of fog {unknown}
 q - 2 scrolls of remove curse {unknown}
Potions
 h - a potion of ambrosia {unknown}
 k - a potion of agility {unknown}
 m - a potion of curing {unknown}
 n - a potion of heal wounds {unknown}
Books
 b - a book of Air

   Spells                             Type                      Level
   a - Shock                          Conjuration/Air              1
   b - Swiftness                      Charms/Air                   2
   c - Repel Missiles                 Charms/Air                   2
   d - Static Discharge               Conjuration/Air              3
   e - Lightning Bolt                 Conjuration/Air              5
Comestibles
 c - a bread ration
 o - 4 fruits


   Skills:
 + Level 0.2 Fighting
 + Level 3.2 Dodging
 + Level 3.0 Stealth
 + Level 0.7 Unarmed Combat
 + Level 3.9 Spellcasting
 + Level 2.4 Conjurations
 + Level 4.6 Air Magic


You had 3 spell levels left.
You knew the following spells:

 Your Spells              Type           Power        Failure   Level  Hunger
a - Shock                 Conj/Air       ###.         3%          1    None
b - Swiftness             Chrm/Air       ##......     10%         2    ##.....
c - Repel Missiles        Chrm/Air       ##....       10%         2    ##.....
d - Static Discharge      Conj/Air       ###.....     12%         3    ###....


Dungeon Overview and Level Annotations

Branches:
Dungeon (3/15)

Altars:

Annotations:
D:3 Grinder, Sigmund


Message History

The magic dart hits you!
* * * LOW HITPOINT WARNING * * *
You're too confused to cast spells.
You're too confused!
You bump into the rock wall.
Sigmund barely misses you.
You bump into the rock wall.
You feel less confused.
Sigmund hits you from afar with a scythe.
* * * LOW HITPOINT WARNING * * *
Casting: Shock
Confirm with . or Enter, or press ? or * to list all spells.
Aiming: Shock
Press: ? - help, Shift-Dir - straight line, p - Sigmund The zap hits Sigmund.
Sigmund is almost dead.
The zap hits Sigmund.
Sigmund is almost dead.
Sigmund casts a spell at you. The magic dart hits you!
You die...

...####.######.
................
...###.#####.#..
#.####.#####.#^#
#....†....>..#.#
##########
######.#######.#
##......... #.# #.#
##...###### #.#
#.####@###.# #.#
#####..@...# .# #.#
#..........# .#
#.###.#########...##
#(....# ##.# #######
#


You could see Sigmund.

Vanquished Creatures
  Ijyb (D:1)
  Natasha (D:3)
  5 adders
  2 oozes
  A worm (D:2)
  3 dart slugs
  A leopard gecko (D:1)
  7 orcs (D:3)
  2 giant cockroaches (D:1)
  11 goblins
  5 hobgoblins
  5 jackals (D:1)
  3 kobolds
  A quokka (D:3)
  5 bats
  A frilled lizard (D:3)
  17 rats
71 creatures vanquished.

Notes
Turn   | Place    | Note
-------+----------+-------------------------------------------
     0 | D:1      | McKennaii the High Elf Air Elementalist began the quest for the Orb.
     0 | D:1      | Reached XP level 1. HP: 11/11 MP: 4/4
   116 | D:1      | Reached XP level 2. HP: 17/17 MP: 0/6
   140 | D:1      | Reached skill level 4 in Air Magic
   495 | D:1      | Reached XP level 3. HP: 21/21 MP: 2/8
  1201 | D:2      | Reached XP level 4. HP: 26/27 MP: 6/9
  1205 | D:2      | Learned a level 2 spell: Swiftness
  1208 | D:2      | Learned a level 2 spell: Repel Missiles
  1212 | D:2      | Learned a level 3 spell: Static Discharge
  1264 | D:2      | Noticed Ijyb
  1359 | D:2      | Found a faded altar of an unknown god.
  1436 | D:1      | Killed Ijyb
  1751 | D:3      | Noticed Sigmund
  1897 | D:3      | Reached XP level 5. HP: 31/31 MP: 3/11
  1927 | D:3      | Noticed Grinder
  2182 | D:3      | Noticed Natasha
  2189 | D:3      | Killed Natasha
  2349 | D:3      | Killed from afar by Sigmund

Skill      XL: |  1  2  3  4 |
---------------+-------------+-----
Air Magic      | 4 |  4.6
Spellcasting   | 3 |  3.9
Stealth        | 3 |  3.0
Conjurations   | 2 |  2.4
Dodging        | 3 |  3.2
Fighting       | |  0.2
Unarmed Combat | |  0.7

Action                   |  1- 3 |  4- 6 || total
-------------------------+-------+-------++-------
Melee: Unarmed           |    28 |    12 ||    40
 Cast: Shock             |    67 |    91 ||   158
       Repel Missiles    |       |     1 ||     1
  Eat: Fruit             |     1 |     1 ||     2
       Bread ration      |       |     1 ||     1
Armor: Robe              |     5 |     7 ||    12
Dodge: Dodged            |    25 |    36 ||    61
       Deflected         |       |     1 ||     1
